TOP OF THE 1ST |
Texas A&M Aggies batting - Pitching for Tennessee Volunteers : RHP Mark Rogers
|
Pitching: RHP Mark Rogers
|
|
Batting: LHB Dave Bryant
|
0-0: Ball 1-0: Called Strike 1-1: Foul Ball, location: 2F 1-2: Foul Ball, location: 2F 1-2: Ball 2-2: Strikes out looking
|
Batting: RHB Julian Lee
|
0-0: Ball 1-0: Ball 2-0: Fly out, F8 (Flyball, 8LM)
|
Batting: RHB Ryan Hilton
|
0-0: Hit by Pitch
|
Batting: RHB Chance May
|
0-0: Ball 1-0: Called Strike 1-1: Swinging Strike 1-2: Foul Ball, location: 2F 1-2: Strikes out looking
|
Top of the 1st over - 0 run(s), 0 hit(s), 0 error(s), 1 left on base; Texas A&M 0 - Tennessee 0 |
BOTTOM OF THE 1ST |
Tennessee Volunteers batting - Pitching for Texas A&M Aggies : RHP Alex Weston
|
Pitching: RHP Alex Weston
|
|
Batting: LHB Arnold Stewart
|
0-0: Ball 1-0: Ball 2-0: Ball 3-0: Base on Balls
|
Batting: RHB Jesús Villegas
|
0-0: Called Strike 0-1: Ball 1-1: Ball 2-1: Ball 3-1: Called Strike 3-2: Base on Balls Arnold Stewart to second
|
Batting: RHB Aaron Washington
|
0-0: Called Strike 0-1: Fielders Choice at 2nd, 6-4 (Groundball, 6) Arnold Stewart to third
|
Batting: RHB Tanner Albert
|
0-0: Ball 1-0: Called Strike 1-1: Fly out, F9 (Flyball, 89M) Runner from 3rd tags up, SCORES, no throw
|
Batting: RHB Ken Sánchez
|
0-0: Ball 1-0: Swinging Strike 1-1: Swinging Strike 1-2: Foul Ball, location: 2F 1-2: Strikes out swinging
|
Bottom of the 1st over - 1 run(s), 0 hit(s), 0 error(s), 1 left on base; Texas A&M 0 - Tennessee 1 |
TOP OF THE 2ND |
Texas A&M Aggies batting - Pitching for Tennessee Volunteers : RHP Mark Rogers
|
Batting: SHB Clint Woods
|
0-0: Foul Ball, location: 2F 0-1: Ground out 4-3 (Groundball, 4)
|
Batting: RHB Chris Burrell
|
0-0: Swinging Strike 0-1: Ball 1-1: Foul Ball, location: 2F 1-2: Foul Ball, location: 2F 1-2: Ball 2-2: Ball 3-2: Base on Balls
|
Batting: LHB Vicente Rangel
|
0-0: Ball 1-0: Grounds into double play, 6-4-3 (Groundball, 6)
|
Top of the 2nd over - 0 run(s), 0 hit(s), 0 error(s), 0 left on base; Texas A&M 0 - Tennessee 1 |
BOTTOM OF THE 2ND |
Tennessee Volunteers batting - Pitching for Texas A&M Aggies : RHP Alex Weston
|
Batting: RHB Juan Corvarubia
|
0-0: Ball 1-0: Foul Ball, location: 2F 1-1: Called Strike 1-2: Ball 2-2: Strikes out swinging
|
Batting: SHB Scott Cox
|
0-0: Ball 1-0: DOUBLE (Line Drive, 3D)
|
Batting: RHB Michael Sawyer
|
0-0: Called Strike 0-1: Swinging Strike 0-2: Ball 1-2: Strikes out swinging
|
Batting: LHB Roberto Medina
|
0-0: Ball 1-0: Ball 2-0: Ball 3-0: Called Strike 3-1: Base on Balls
|
Batting: LHB Arnold Stewart
|
0-0: Fly out, F9 (Line Drive, 9M)
|
Bottom of the 2nd over - 0 run(s), 1 hit(s), 0 error(s), 2 left on base; Texas A&M 0 - Tennessee 1 |
TOP OF THE 3RD |
Texas A&M Aggies batting - Pitching for Tennessee Volunteers : RHP Mark Rogers
|
Batting: SHB Jason Mason
|
0-0: Called Strike 0-1: Ball 1-1: Called Strike 1-2: Ball 2-2: Fly out, F4 (Popup, 4M)
|
Batting: SHB Bill Butler
|
0-0: Ground out 6-3 (Groundball, 6M)
|
Batting: LHB Dave Bryant
|
0-0: Foul Ball, location: 2F 0-1: Ball 1-1: Swinging Strike 1-2: Ball 2-2: Foul Ball, location: 2F 2-2: Strikes out swinging
|
Top of the 3rd over - 0 run(s), 0 hit(s), 0 error(s), 0 left on base; Texas A&M 0 - Tennessee 1 |
BOTTOM OF THE 3RD |
Tennessee Volunteers batting - Pitching for Texas A&M Aggies : RHP Alex Weston
|
Batting: RHB Jesús Villegas
|
0-0: Foul Ball, location: 2F 0-1: Ball 1-1: Foul Ball, location: 2F 1-2: Ball 2-2: SINGLE (Groundball, 56)
|
Batting: RHB Aaron Washington
|
0-0: Ball 1-0: Ball 2-0: Called Strike 2-1: Foul Ball, location: 2F 2-2: Foul Ball, location: 2F 2-2: Ball 3-2: SINGLE (Groundball, 5L) Jesús Villegas to second
|
Batting: RHB Tanner Albert
|
0-0: Called Strike 0-1: Ball 1-1: Swinging Strike 1-2: Foul Ball, location: 2F 1-2: Fly out, F9 (Flyball, 89M)
|
Batting: RHB Ken Sánchez
|
0-0: Called Strike 0-1: SINGLE (Groundball, 6MD) Jesús Villegas to third Aaron Washington to second Runner from 3rd tries for Home, SAFE, throw made home Aaron Washington to third Ken Sánchez to second
|
Batting: RHB Juan Corvarubia
|
0-0: Ball Wild Pitch! Aaron Washington scores Ken Sánchez to third 1-0: Called Strike 1-1: Foul Ball, location: 2F 1-2: Strikes out swinging
|
Batting: SHB Scott Cox
|
0-0: Called Strike 0-1: Fly out, F9 (Flyball, 9M)
|
Bottom of the 3rd over - 2 run(s), 3 hit(s), 0 error(s), 1 left on base; Texas A&M 0 - Tennessee 3 |
TOP OF THE 4TH |
Texas A&M Aggies batting - Pitching for Tennessee Volunteers : RHP Mark Rogers
|
Batting: RHB Julian Lee
|
0-0: Swinging Strike 0-1: Called Strike 0-2: Strikes out swinging
|
Batting: RHB Ryan Hilton
|
0-0: Ground out 5-3 (Groundball, 56S)
|
Batting: RHB Chance May
|
0-0: Foul Ball, location: 2F 0-1: Swinging Strike 0-2: Ball 1-2: Fly out, F9 (Flyball, 89M)
|
Top of the 4th over - 0 run(s), 0 hit(s), 0 error(s), 0 left on base; Texas A&M 0 - Tennessee 3 |
BOTTOM OF THE 4TH |
Tennessee Volunteers batting - Pitching for Texas A&M Aggies : RHP Alex Weston
|
Batting: RHB Michael Sawyer
|
0-0: Foul Ball, location: 2F 0-1: Ground out 6-3 (Groundball, 6M)
|
Batting: LHB Roberto Medina
|
0-0: Fly out, F8 (Flyball, 8LM)
|
Batting: LHB Arnold Stewart
|
0-0: Ground out 4-3 (Groundball, 4)
|
Bottom of the 4th over - 0 run(s), 0 hit(s), 0 error(s), 0 left on base; Texas A&M 0 - Tennessee 3 |
TOP OF THE 5TH |
Texas A&M Aggies batting - Pitching for Tennessee Volunteers : RHP Mark Rogers
|
Batting: SHB Clint Woods
|
0-0: Ball 1-0: Swinging Strike 1-1: Foul Ball, location: 2F 1-2: Foul Ball, location: 2F 1-2: Foul Ball, location: 2F 1-2: Ball 2-2: Ball 3-2: Base on Balls
|
Batting: RHB Chris Burrell
|
0-0: Fly out, F4 (Popup, 34D)
|
Batting: LHB Vicente Rangel
|
0-0: Ball 1-0: Fly out, F6 (Popup, 4MD)
|
Batting: SHB Jason Mason
|
0-0: Ball 1-0: SINGLE (Groundball, 34D) Clint Woods to second
|
Batting: SHB Bill Butler
|
0-0: Ball 1-0: Ball 2-0: Swinging Strike 2-1: Foul Ball, location: 2F 2-2: Ball 3-2: Strikes out swinging
|
Top of the 5th over - 0 run(s), 1 hit(s), 0 error(s), 2 left on base; Texas A&M 0 - Tennessee 3 |
BOTTOM OF THE 5TH |
Tennessee Volunteers batting - Pitching for Texas A&M Aggies : RHP Alex Weston
|
Batting: RHB Jesús Villegas
|
0-0: Ball 1-0: Swinging Strike 1-1: Ball 2-1: SINGLE (Groundball, 13) (infield hit)
|
Pinch Runner at 1st Kevin Manning:
|
|
Batting: RHB Aaron Washington
|
0-0: Grounds into double play, 1-4-3 (Groundball, 13S)
|
Batting: RHB Tanner Albert
|
0-0: Called Strike 0-1: Swinging Strike 0-2: Foul Ball, location: 2F 0-2: Ball 1-2: Ball 2-2: Ball 3-2: Foul Ball, location: 2F 3-2: SOLO HOME RUN (Flyball, 78XD), Distance : 385 ft
|
Batting: RHB Ken Sánchez
|
0-0: Ball 1-0: Called Strike 1-1: Ball 2-1: Ground out 1-3 (Groundball, 23)
|
Bottom of the 5th over - 1 run(s), 2 hit(s), 0 error(s), 0 left on base; Texas A&M 0 - Tennessee 4 |
TOP OF THE 6TH |
Texas A&M Aggies batting - Pitching for Tennessee Volunteers : RHP Mark Rogers
|
Now at 1B: Kevin Manning
|
|
Batting: LHB Dave Bryant
|
0-0: Ball 1-0: Called Strike 1-1: Ball 2-1: DOUBLE (Line Drive, 9LM)
|
Batting: RHB Julian Lee
|
0-0: Ball 1-0: Ball 2-0: Ball 3-0: Base on Balls
|
Batting: RHB Ryan Hilton
|
0-0: Called Strike 0-1: Ball 1-1: Called Strike 1-2: Foul Ball, location: 2F 1-2: Strikes out swinging
|
Batting: RHB Chance May
|
0-0: Called Strike 0-1: Fly out, F8 (Flyball, 8RM)
|
Pitching: LHP Josh Gibson
|
|
Batting: SHB Clint Woods
|
0-0: Called Strike 0-1: Ball 1-1: Ball 2-1: Ball 3-1: Base on Balls Dave Bryant to third Julian Lee to second
|
Batting: RHB Chris Burrell
|
0-0: Called Strike 0-1: Swinging Strike 0-2: Strikes out swinging
|
Top of the 6th over - 0 run(s), 1 hit(s), 0 error(s), 3 left on base; Texas A&M 0 - Tennessee 4 |
BOTTOM OF THE 6TH |
Tennessee Volunteers batting - Pitching for Texas A&M Aggies : RHP Alex Weston
|
Pitching: LHP Tom Workman
|
|
Batting: RHB Juan Corvarubia
|
0-0: Called Strike 0-1: Foul Ball, location: 2F 0-2: Strikes out swinging
|
Batting: SHB Scott Cox
|
0-0: Called Strike 0-1: SOLO HOME RUN (Line Drive, 7D), Distance : 373 ft
|
Batting: RHB Michael Sawyer
|
0-0: Ball 1-0: Ball 2-0: Ball 3-0: Base on Balls
|
Batting: LHB Roberto Medina
|
Pickoff Throw to First - Out! 0-0: Called Strike 0-1: Ball 1-1: Called Strike 1-2: Foul Ball, location: 2F 1-2: SINGLE (Line Drive, 8LS)
|
Batting: LHB Arnold Stewart
|
0-0: Ball 1-0: Fly out, F7 (Flyball, 7S)
|
Bottom of the 6th over - 1 run(s), 2 hit(s), 0 error(s), 1 left on base; Texas A&M 0 - Tennessee 5 |
TOP OF THE 7TH |
Texas A&M Aggies batting - Pitching for Tennessee Volunteers : LHP Josh Gibson
|
Batting: LHB Vicente Rangel
|
0-0: Called Strike 0-1: Fly out, F9 (Flyball, 89S)
|
Batting: SHB Jason Mason
|
0-0: Called Strike 0-1: Hit by Pitch
|
Batting: SHB Bill Butler
|
0-0: Called Strike 0-1: Fly out, F7 (Flyball, 78M)
|
Batting: LHB Dave Bryant
|
0-0: Ball 1-0: Fly out, F8 (Flyball, 8RM)
|
Top of the 7th over - 0 run(s), 0 hit(s), 0 error(s), 1 left on base; Texas A&M 0 - Tennessee 5 |
BOTTOM OF THE 7TH |
Tennessee Volunteers batting - Pitching for Texas A&M Aggies : LHP Tom Workman
|
Batting: RHB Kevin Manning
|
0-0: Called Strike 0-1: Foul Ball, location: 2F 0-2: Strikes out looking
|
Batting: RHB Aaron Washington
|
0-0: Ground out 3-1 (Groundball, 34)
|
Batting: RHB Tanner Albert
|
0-0: Ball 1-0: Ball 2-0: Ball 3-0: Base on Balls
|
Batting: RHB Ken Sánchez
|
0-0: Called Strike 0-1: Called Strike 0-2: Ball 1-2: Ball 2-2: Ball 3-2: Base on Balls Tanner Albert to second
|
Batting: RHB Juan Corvarubia
|
0-0: Ground out 5-3 (Groundball, 15S)
|
Bottom of the 7th over - 0 run(s), 0 hit(s), 0 error(s), 2 left on base; Texas A&M 0 - Tennessee 5 |
TOP OF THE 8TH |
Texas A&M Aggies batting - Pitching for Tennessee Volunteers : LHP Josh Gibson
|
Now at C: Robert Stevens
|
|
Batting: RHB Julian Lee
|
0-0: SOLO HOME RUN (Line Drive, 8LXD), Distance : 393 ft
|
Batting: RHB Ryan Hilton
|
0-0: Ball 1-0: Swinging Strike 1-1: Foul Ball, location: 2F 1-2: Ball 2-2: Foul Ball, location: 2F 2-2: Strikes out looking
|
Batting: RHB Chance May
|
0-0: Ball 1-0: Foul Ball, location: 2F 1-1: Called Strike 1-2: SINGLE (Line Drive, 78S)
|
Batting: SHB Clint Woods
|
0-0: SINGLE (Line Drive, 4M) Chance May to second Runner from 2nd tries for 3rd, SAFE, no throw or cutoff
|
Pitching: LHP Oliver Moreno
|
|
Batting: RHB Chris Burrell
|
0-0: Ball 1-0: Foul Ball, location: 2F 1-1: Ball 2-1: Foul Ball, location: 2F 2-2: Strikes out swinging
|
Batting: LHB Vicente Rangel
|
0-0: Called Strike 0-1: Ball 1-1: Ball 2-1: Ball 3-1: Foul Ball, location: 2F 3-2: Base on Balls Clint Woods to second
|
Pitching: RHP Dale Hall
|
|
Batting: SHB Jason Mason
|
0-0: Ball 1-0: Ball 2-0: Fly out, F8 (Flyball, 8RS)
|
Top of the 8th over - 1 run(s), 3 hit(s), 0 error(s), 3 left on base; Texas A&M 1 - Tennessee 5 |
BOTTOM OF THE 8TH |
Tennessee Volunteers batting - Pitching for Texas A&M Aggies : LHP Tom Workman
|
Pitching: LHP Juan Martínez
|
|
Batting: SHB Scott Cox
|
0-0: Foul Ball, location: 2F 0-1: Swinging Strike 0-2: Strikes out swinging
|
Batting: RHB Michael Sawyer
|
0-0: Ball 1-0: Ground out 6-3 (Groundball, 6)
|
Batting: LHB Roberto Medina
|
0-0: Foul Ball, location: 2F 0-1: Ball 1-1: Ball 2-1: Swinging Strike 2-2: Fly out, F7 (Flyball, 78S)
|
Bottom of the 8th over - 0 run(s), 0 hit(s), 0 error(s), 0 left on base; Texas A&M 1 - Tennessee 5 |
TOP OF THE 9TH |
Texas A&M Aggies batting - Pitching for Tennessee Volunteers : RHP Dale Hall
|
Batting: SHB Bill Butler
|
0-0: Ball 1-0: Swinging Strike 1-1: Called Strike 1-2: Strikes out swinging
|
Batting: LHB Dave Bryant
|
0-0: Swinging Strike 0-1: Foul Ball, location: 2F 0-2: Foul Ball, location: 2F 0-2: Foul Ball, location: 2F 0-2: Ball 1-2: Ball 2-2: Foul Ball, location: 2F 2-2: Ball 3-2: Foul Ball, location: 2F 3-2: Foul Ball, location: 2F 3-2: Strikes out swinging, 2-3 out at first.
|
Batting: RHB Julian Lee
|
0-0: Swinging Strike 0-1: Ball 1-1: Ball 2-1: Ground out 6-3 (Groundball, 6)
|
Top of the 9th over - 0 run(s), 0 hit(s), 0 error(s), 0 left on base; Texas A&M 1 - Tennessee 5 |
|